 Dungeon Crawl Stone Soup version 0.29-a0-322-g68df515428 (webtiles) character file.

Game seed: 3581431929450224356

9 GigaChad the Skirmisher (level 2, -1/26 HPs)
             Began as a Draconian Chaos Knight on Apr 7, 2022.
             Was a Plaything of Xom.
             Slain by a kobold
             ... wielding a +0 whip
              (2 damage)
             ... on level 1 of the Dungeon.
             The game lasted 00:01:33 (200 turns).

GigaChad the Skirmisher (Draconian Chaos Knight)     Turns: 200, Time: 00:01:33

Health: -1/26      AC:  4    Str: 14    XL:     2   Next: 6%
Magic:  2/2        EV: 12    Int: 12    God:    Xom [..*...]
Gold:   0          SH:  0    Dex: 10    Spells: 1/1 levels left

rFire   . . .      SeeInvis .   a - +0 falchion (freeze)
rCold   . . .      Faith    .   (no shield)
rNeg    . . .      Spirit   .   (body armour unavailable)
rPois   .          Reflect  .   (helmet restricted)
rElec   .          Harm     .   (no cloak)
rCorr   .          Rampage  .   (no gloves)
Will    .....                   (no boots)
Stlth   +.........              (no amulet)
HPRegen 0.08/turn               (no ring)
MPRegen 0.08/turn               (no ring)

@: no status effects
A: AC +4, unfitting armour, cold-blooded
a: Renounce Religion


You were on level 1 of the Dungeon.
You worshipped Xom.
You were a toy of Xom.
You visited 1 branch of the dungeon, and saw 1 of its levels.

Inventory:

Hand Weapons
 a - a +0 falchion of freezing (weapon)
Scrolls
 c - a scroll of identify {unknown}
Potions
 d - a potion of attraction {unknown}
Miscellaneous
 b - a piece from Xom's chessboard (15/15) (quivered)


   Skills:
 + Level 3.5 Fighting
 + Level 3.2 Long Blades
 + Level 2.2 Dodging


You had one spell level left.
You didn't know any spells.
Your spell library was empty.

Dungeon Overview and Level Annotations

Branches:
Dungeon (1/15)

Altars:


Innate Abilities, Weirdness & Mutations

Your plain brown scales are hard. (AC +4)
You cannot fit into any form of body armour.
You are cold-blooded and may be slowed by cold attacks.


Message History

It was a scroll of immolation.
The goblin shouts!
You hear an angry hiss.
A ball python comes into view.
As you read the scroll labelled QELUITTOSOL, it crumbles to dust.
It is a scroll of brand weapon.
Your +0 falchion of chaos is covered with a thin layer of ice!
a - a +0 falchion of freezing (weapon)
There are monsters nearby!
There are monsters nearby!
There are monsters nearby!
There are monsters nearby!
There are monsters nearby!
There are monsters nearby!
There are monsters nearby!
There are monsters nearby!
There are monsters nearby!
There are monsters nearby!
There are monsters nearby!
You hit the goblin.
Flame seeps out of the goblin.
You freeze the goblin.
Flame seeps out of the goblin.
The goblin is severely wounded.
The goblin is engulfed in blazing flames.
The goblin explodes!
The fiery explosion engulfs you!!!
Ouch! That really hurt!
You die... "Hey, things were just getting interesting!"
Xom revives you!
Really walk into that cloud of flame?
Okay, then.
A ball python is nearby!
A ball python is nearby!
A kobold comes into view. It is wielding a +0 whip.
An endoplasm comes into view.
The kobold completely misses you. The hobgoblin hits you.
* * * LOW HITPOINT WARNING * * *
You see here a +0 dagger.
You closely miss the kobold. The hobgoblin misses you.
The kobold hits you with a +0 whip.
You die...

.#######.# ..†.....#
#######.# . #.# .. #.#
... #.# #####.J#
#######.########.#....#
...............○.gS.#
######.#########@####
#. #K# #. ... ## #####


You could see an endoplasm (wandering), a hobgoblin, a ball python and a kobold.

Vanquished Creatures
  2 endoplasms (D:1)
  A goblin (D:1)
  3 hobgoblins (D:1)
  A bat (D:1)
  A frilled lizard (D:1)
8 creatures vanquished.

Notes
Turn   | Place    | Note
-------+----------+-------------------------------------------
     0 | D:1      | GigaChad the Draconian Chaos Knight began the quest for the
                  | Orb.
     0 | D:1      | Reached XP level 1. HP: 19/19 MP: 1/1
   158 | D:1      | Reached XP level 2. HP: 24/26 MP: 2/2
   188 | D:1      | Xom revived you
   199 | D:1      | HP: 1/26 [hobgoblin (2)]
   200 | D:1      | Slain by a kobold

Illustrated notes

Levels and vault maps discovered:
D:1:      minmay_arrival_up_and_down, layout_loops_ring,
          hellmonk_ecumenical_altar_defaced_shrine, serial_park_tiny_pond,
          dk_noncrumbling_2

Action                   || total
-------------------------++-------
Melee: Falchion          ||    20
       Tailslap          ||     1
  Use: Scroll            ||     2
Armor: Skin              ||    12
Dodge: Dodged            ||    18

Table legend: (Time is in decaauts)
 A = Elapsed time spent in this place.
 B = Non-inter-level travel time spent in this place.
 C = Inter-level travel time spent in this place.
 D = Time resting spent in this place.
 E = Time spent auto-exploring this place.
 F = Levels seen in this place.
 G = Mean time per level.
                   A        B        C        D        E       F      G
               +--------+--------+--------+--------+--------+-----+--------+
         Total |    202 |    202 |      0 |      0 |     87 |   1 |  202.0 |
       Dungeon |    202 |    202 |      0 |      0 |     87 |   1 |  202.0 |
               +--------+--------+--------+--------+--------+-----+--------+

Top non-repeatable levels by time:
     D:1: 202 daAuts
